| TOP OF THE 1ST |
|
Ogden Raptors batting - Pitching for Bristol Pirates : RHP Mike Wilkinson
|
|
Pitching: RHP Mike Wilkinson
|
|
|
Batting: SHB Alex Noval
|
0-0: Ball 1-0: Called Strike 1-1: Ground out 5-3 (Groundball, 56, EV 86.2 MPH)
|
|
Batting: SHB Erick Hamburger
|
0-0: Ball 1-0: Fly out, F4 (Line Drive, 4, EV 62.5 MPH)
|
|
Batting: RHB Juan Gallegos
|
0-0: Called Strike 0-1: Ball 1-1: Ball 2-1: Fly out, F9 (Flyball, 9, EV 85.6 MPH)
|
| Top of the 1st over - 0 runs, 0 hits, 0 errors, 0 left on base; Ogden 0 - Bristol 0 |
| BOTTOM OF THE 1ST |
|
Bristol Pirates batting - Pitching for Ogden Raptors : RHP Bon John Bovi
|
|
Pitching: RHP Bon John Bovi
|
|
|
Batting: LHB Sun-wei Kuai
|
0-0: Fly out, F9 (Flyball, 9, EV 83.8 MPH)
|
|
Batting: LHB Damien Cohen
|
0-0: Foul Ball, location: 2F 0-1: Ball 1-1: Ground out 6-3 (Groundball, 6, EV 100.6 MPH)
|
|
Batting: SHB Juan Ayala
|
0-0: Ball 1-0: Ball 2-0: Called Strike 2-1: Foul Ball, location: 2F 2-2: Strikes out swinging
|
| Bottom of the 1st over - 0 runs, 0 hits, 0 errors, 0 left on base; Ogden 0 - Bristol 0 |
| TOP OF THE 2ND |
|
Ogden Raptors batting - Pitching for Bristol Pirates : RHP Mike Wilkinson
|
|
Batting: LHB Pedro Garza
|
0-0: Ball 1-0: Foul Ball, location: 2F 1-1: SOLO HOME RUN (Flyball, 9LD, EV 100.6 MPH), Distance : 374 ft
|
|
Batting: RHB Felipe Rivera
|
0-0: Fly out, F7 (Flyball, 7, EV 85.6 MPH)
|
|
Batting: LHB Fernão Manta
|
0-0: Ball 1-0: Ball 2-0: Ball 3-0: Called Strike 3-1: Base on Balls
|
|
Batting: RHB Adam Maczko
|
0-0: Ball 1-0: Ball 2-0: Swinging Strike 2-1: Swinging Strike 2-2: Ball 3-2: Strikes out looking Fernão Manta is caught stealing 2nd base 2-4 Batter strikes out.
|
| Top of the 2nd over - 1 run, 1 hit, 0 errors, 0 left on base; Ogden 1 - Bristol 0 |
| BOTTOM OF THE 2ND |
|
Bristol Pirates batting - Pitching for Ogden Raptors : RHP Bon John Bovi
|
|
Batting: RHB Oscar Munoz
|
0-0: Ball 1-0: Called Strike 1-1: Ball 2-1: Foul Ball, location: 2F 2-2: Strikes out swinging
|
|
Batting: LHB Tommie Benefield
|
0-0: Ball 1-0: Called Strike 1-1: Ball 2-1: Ground out U3 (Groundball, 34, EV 85.0 MPH)
|
|
Batting: SHB Thad Shearing
|
0-0: Ball 1-0: Ball 2-0: Foul Ball, location: 2F 2-1: Ball 3-1: Swinging Strike 3-2: Base on Balls
|
|
Batting: RHB Ilija Panic
|
0-0: Ball 1-0: Ball 2-0: Fielders Choice at 2nd, 6-4 (Groundball, 6, EV 94.4 MPH)
|
| Bottom of the 2nd over - 0 runs, 0 hits, 0 errors, 1 left on base; Ogden 1 - Bristol 0 |
| TOP OF THE 3RD |
|
Ogden Raptors batting - Pitching for Bristol Pirates : RHP Mike Wilkinson
|
|
Batting: RHB Brad Brady
|
0-0: Fly out, F8 (Line Drive, 8RM, EV 85.6 MPH)
|
|
Batting: RHB Gaylord Wray
|
0-0: Called Strike 0-1: Foul Ball, location: 2F 0-2: Ball 1-2: Strikes out swinging
|
|
Batting: SHB Alex Noval
|
0-0: Called Strike 0-1: Ball 1-1: Foul Ball, location: 2F 1-2: Ball 2-2: Strikes out swinging
|
| Top of the 3rd over - 0 runs, 0 hits, 0 errors, 0 left on base; Ogden 1 - Bristol 0 |
| BOTTOM OF THE 3RD |
|
Bristol Pirates batting - Pitching for Ogden Raptors : RHP Bon John Bovi
|
|
Batting: RHB Brian Brewster
|
0-0: Ball 1-0: Swinging Strike 1-1: Ball 2-1: Ball 3-1: Foul Ball, location: 2F 3-2: Strikes out swinging
|
|
Batting: RHB Zachery Loomis
|
0-0: Called Strike 0-1: Ball 1-1: Ball 2-1: Fly out, F8 (Flyball, 8RD, EV 106.9 MPH)
|
|
Batting: LHB Sun-wei Kuai
|
0-0: Ball 1-0: Ball 2-0: Ball 3-0: Base on Balls
|
|
Batting: LHB Damien Cohen
|
0-0: Ball Sun-wei Kuai steals 2nd base 1-0: DOUBLE (Line Drive, 9LM, EV 107.5 MPH) Sun-wei Kuai scores
|
|
Batting: SHB Juan Ayala
|
0-0: Ball 1-0: Foul Ball, location: 2F 1-1: Foul Ball, location: 2F 1-2: Ground out 5-3 (Groundball, 5, EV 91.2 MPH)
|
| Bottom of the 3rd over - 1 run, 1 hit, 0 errors, 1 left on base; Ogden 1 - Bristol 1 |
| TOP OF THE 4TH |
|
Ogden Raptors batting - Pitching for Bristol Pirates : RHP Mike Wilkinson
|
|
Batting: SHB Erick Hamburger
|
0-0: Called Strike 0-1: Swinging Strike 0-2: Foul Ball, location: 2F 0-2: Ball 1-2: Foul Ball, location: 2F 1-2: Ball 2-2: Ball 3-2: Ground out U3 (Groundball, 3S, EV 86.9 MPH)
|
|
Batting: RHB Juan Gallegos
|
0-0: Ball 1-0: Ball 2-0: Ball 3-0: Base on Balls
|
|
Batting: LHB Pedro Garza
|
0-0: Called Strike 0-1: Grounds into double play, 5-6-3 (Groundball, 56, EV 81.9 MPH)
|
| Top of the 4th over - 0 runs, 0 hits, 0 errors, 0 left on base; Ogden 1 - Bristol 1 |
| BOTTOM OF THE 4TH |
|
Bristol Pirates batting - Pitching for Ogden Raptors : RHP Bon John Bovi
|
|
Batting: RHB Oscar Munoz
|
0-0: Called Strike 0-1: Called Strike 0-2: Ball 1-2: Ground out 6-3 (Groundball, 56, EV 101.9 MPH)
|
|
Batting: LHB Tommie Benefield
|
0-0: Foul Ball, location: 2F 0-1: Ball 1-1: Swinging Strike 1-2: Strikes out swinging
|
|
Batting: SHB Thad Shearing
|
0-0: Ball 1-0: Ball 2-0: Ball 3-0: Base on Balls
|
|
Batting: RHB Ilija Panic
|
0-0: Called Strike 0-1: Ball 1-1: Called Strike 1-2: Fly out, F7 (Flyball, 7S, EV 92.5 MPH)
|
| Bottom of the 4th over - 0 runs, 0 hits, 0 errors, 1 left on base; Ogden 1 - Bristol 1 |
| TOP OF THE 5TH |
|
Ogden Raptors batting - Pitching for Bristol Pirates : RHP Mike Wilkinson
|
|
Batting: RHB Felipe Rivera
|
0-0: Fly out, F7 (Flyball, 7, EV 92.5 MPH)
|
|
Batting: LHB Fernão Manta
|
0-0: Ball 1-0: Swinging Strike 1-1: Swinging Strike 1-2: Ball 2-2: Ball 3-2: SINGLE (Groundball, 4MD, EV 96.9 MPH)
|
|
Batting: RHB Adam Maczko
|
0-0: Ball Fernão Manta is caught stealing 2nd base 2-4 1-0: Called Strike 1-1: Foul Ball, location: 2F 1-2: Hit by Pitch
|
|
Batting: RHB Brad Brady
|
0-0: Foul Ball, location: 2F 0-1: Swinging Strike 0-2: Foul Ball, location: 2F 0-2: Ball 1-2: Strikes out swinging
|
| Top of the 5th over - 0 runs, 1 hit, 0 errors, 1 left on base; Ogden 1 - Bristol 1 |
| BOTTOM OF THE 5TH |
|
Bristol Pirates batting - Pitching for Ogden Raptors : RHP Bon John Bovi
|
|
Batting: RHB Brian Brewster
|
0-0: Ball 1-0: Ball 2-0: Called Strike 2-1: Foul Ball, location: 2F 2-2: Ground out 4-3 (Groundball, 34, EV 90.6 MPH)
|
|
Batting: RHB Zachery Loomis
|
0-0: Called Strike 0-1: SINGLE (Line Drive, 9S, EV 113.8 MPH)
|
|
Batting: LHB Sun-wei Kuai
|
0-0: Called Strike 0-1: Ball 1-1: Called Strike 1-2: Ball 2-2: Strikes out looking
|
|
Pitching: RHP Clyde Miller
|
|
|
Batting: LHB Damien Cohen
|
0-0: Ball 1-0: Foul Ball, location: 2F 1-1: Ball 2-1: Ball 3-1: Called Strike 3-2: Base on Balls Zachery Loomis to second
|
|
Batting: SHB Juan Ayala
|
0-0: Foul Ball, location: 2F 0-1: Foul Ball, location: 2F 0-2: Strikes out looking
|
| Bottom of the 5th over - 0 runs, 1 hit, 0 errors, 2 left on base; Ogden 1 - Bristol 1 |
| TOP OF THE 6TH |
|
Ogden Raptors batting - Pitching for Bristol Pirates : RHP Mike Wilkinson
|
|
Batting: RHB Gaylord Wray
|
0-0: Swinging Strike 0-1: Ball 1-1: Hit by Pitch
|
|
Batting: SHB Alex Noval
|
0-0: Ball 1-0: Called Strike 1-1: Foul Ball, location: 2F 1-2: Ball Passed Ball! Gaylord Wray to second 2-2: Foul Ball, location: 2F 2-2: Foul Ball, location: 2F 2-2: DOUBLE (Flyball, 7LD, EV 91.2 MPH) Gaylord Wray scores
|
|
Batting: SHB Erick Hamburger
|
0-0: Ball 1-0: Called Strike 1-1: DOUBLE (Line Drive, 3D, EV 98.8 MPH) Alex Noval scores
|
|
Batting: RHB Juan Gallegos
|
0-0: Swinging Strike 0-1: Ball 1-1: Ground out 3-1 (Groundball, 34S, EV 84.4 MPH) Erick Hamburger to third
|
|
Pitching: RHP Dustin Hamblin
|
|
|
Batting: LHB Pedro Garza
|
0-0: Ball 1-0: Foul Ball, location: 2F 1-1: Swinging Strike 1-2: Ball 2-2: Ball 3-2: Foul Ball, location: 2F 3-2: Foul Ball, location: 2F 3-2: Strikes out looking
|
|
Batting: RHB Felipe Rivera
|
0-0: Ball 1-0: Reached on error, E8 (Flyball, 8LD, EV 88.8 MPH) Erick Hamburger scores
|
|
Batting: LHB Fernão Manta
|
0-0: Called Strike 0-1: Ball 1-1: Ball 2-1: 2-RUN HOME RUN (Flyball, 78XD, EV 113.8 MPH), Distance : 429 ft
|
|
Batting: RHB Adam Maczko
|
0-0: Swinging Strike 0-1: Ball 1-1: Foul Ball, location: 2F 1-2: Foul Ball, location: 2F 1-2: Ball 2-2: Ball 3-2: Base on Balls
|
|
Batting: RHB Brad Brady
|
0-0: Swinging Strike 0-1: Ball 1-1: Ball 2-1: Ball Adam Maczko is caught stealing 2nd base 2-4
|
| Top of the 6th over - 5 runs, 3 hits, 1 error, 0 left on base; Ogden 6 - Bristol 1 |
| BOTTOM OF THE 6TH |
|
Bristol Pirates batting - Pitching for Ogden Raptors : RHP Clyde Miller
|
|
Batting: RHB Oscar Munoz
|
0-0: Called Strike 0-1: Ball 1-1: Ball 2-1: Foul Ball, location: 2F 2-2: Strikes out swinging
|
|
Batting: LHB Tommie Benefield
|
0-0: Ball 1-0: Ball 2-0: Ground out 5-3 (Groundball, 56, EV 106.2 MPH)
|
|
Batting: SHB Thad Shearing
|
0-0: Hit by Pitch
|
|
Batting: RHB Ilija Panic
|
0-0: Ball 1-0: Ball 2-0: Called Strike 2-1: Foul Ball, location: 2F 2-2: Ball 3-2: Base on Balls Thad Shearing to second
|
|
Batting: RHB Brian Brewster
|
0-0: Ball 1-0: Ball 2-0: Foul Ball, location: 2F 2-1: Called Strike 2-2: Strikes out swinging
|
| Bottom of the 6th over - 0 runs, 0 hits, 0 errors, 2 left on base; Ogden 6 - Bristol 1 |
| TOP OF THE 7TH |
|
Ogden Raptors batting - Pitching for Bristol Pirates : RHP Dustin Hamblin
|
|
Batting: RHB Brad Brady
|
0-0: Foul Ball, location: 2F 0-1: Foul Ball, location: 2F 0-2: Foul Ball, location: 2F 0-2: Ball 1-2: Ground out 5-3 (Groundball, 5, EV 101.2 MPH)
|
|
Pitching: RHP Matt D'Alessandro
|
|
|
Batting: RHB Gaylord Wray
|
0-0: Ball 1-0: Fly out, F7 (Flyball, 7, EV 92.5 MPH)
|
|
Batting: SHB Alex Noval
|
0-0: Ball 1-0: SOLO HOME RUN (Flyball, 9D, EV 97.5 MPH), Distance : 367 ft
|
|
Batting: SHB Erick Hamburger
|
0-0: Ball 1-0: Called Strike 1-1: Ball 2-1: Swinging Strike 2-2: SINGLE (Groundball, 6D, EV 98.8 MPH)
|
|
Batting: RHB Juan Gallegos
|
0-0: Swinging Strike 0-1: Foul Ball, location: 2F 0-2: Foul Ball, location: 2F 0-2: Ball 1-2: Fielders Choice at 2nd, U4 (Groundball, 4M, EV 110.0 MPH)
|
| Top of the 7th over - 1 run, 2 hits, 0 errors, 1 left on base; Ogden 7 - Bristol 1 |
| BOTTOM OF THE 7TH |
|
Bristol Pirates batting - Pitching for Ogden Raptors : RHP Clyde Miller
|
|
Batting: RHB Zachery Loomis
|
0-0: Called Strike 0-1: Ball 1-1: Ground out 6-3 (Groundball, 6, EV 78.1 MPH)
|
|
Batting: LHB Sun-wei Kuai
|
0-0: Foul Ball, location: 2F 0-1: Ground out 5-3 (Groundball, 56, EV 102.5 MPH)
|
|
Batting: LHB Damien Cohen
|
0-0: Ball 1-0: Called Strike 1-1: Swinging Strike 1-2: Ball 2-2: Ground out U3 (Groundball, 3, EV 80.6 MPH)
|
| Bottom of the 7th over - 0 runs, 0 hits, 0 errors, 0 left on base; Ogden 7 - Bristol 1 |
| TOP OF THE 8TH |
|
Ogden Raptors batting - Pitching for Bristol Pirates : RHP Matt D'Alessandro
|
|
Batting: LHB Pedro Garza
|
0-0: Ball 1-0: Ball 2-0: Ball 3-0: Foul Ball, location: 2F 3-1: Foul Ball, location: 2F 3-2: Foul Ball, location: 2F 3-2: Ground out 4-3 (Groundball, 4, EV 105.0 MPH)
|
|
Batting: RHB Felipe Rivera
|
0-0: Ball 1-0: Called Strike 1-1: Foul Ball, location: 2F 1-2: Foul Ball, location: 2F 1-2: Ball 2-2: Foul Ball, location: 2F 2-2: Foul Ball, location: 2F 2-2: Strikes out swinging
|
|
Batting: LHB Fernão Manta
|
0-0: Called Strike 0-1: Foul Ball, location: 2F 0-2: Foul Ball, location: 2F 0-2: Ball 1-2: SOLO HOME RUN (Line Drive, 9D, EV 98.8 MPH), Distance : 362 ft
|
|
Batting: RHB Adam Maczko
|
0-0: SOLO HOME RUN (Flyball, 9D, EV 96.2 MPH), Distance : 344 ft
|
|
Batting: RHB Brad Brady
|
0-0: Called Strike 0-1: Ball 1-1: Ball 2-1: Ball 3-1: Base on Balls
|
|
Batting: RHB Gaylord Wray
|
0-0: Ball 1-0: Ball 2-0: Foul Ball, location: 2F 2-1: Swinging Strike 2-2: Fly out, F9 (Flyball, 9, EV 96.2 MPH)
|
| Top of the 8th over - 2 runs, 2 hits, 0 errors, 1 left on base; Ogden 9 - Bristol 1 |
| BOTTOM OF THE 8TH |
|
Bristol Pirates batting - Pitching for Ogden Raptors : RHP Clyde Miller
|
|
Pitching: RHP Mike Barnhill
|
|
|
Pinch Hitting: RHB Rafael Galicia
|
0-0: Ball 1-0: Called Strike 1-1: Ground out 1-3 (Groundball, 15S, EV 68.1 MPH)
|
|
Batting: RHB Oscar Munoz
|
0-0: Ball 1-0: Ball 2-0: Swinging Strike 2-1: Ball 3-1: Called Strike 3-2: SOLO HOME RUN (Flyball, 7LD, EV 93.1 MPH), Distance : 345 ft
|
|
Batting: LHB Tommie Benefield
|
0-0: Foul Ball, location: 2F 0-1: Foul Ball, location: 2F 0-2: Foul Ball, location: 2F 0-2: Foul Ball, location: 2F 0-2: Ball 1-2: Strikes out swinging
|
|
Batting: SHB Thad Shearing
|
0-0: Ball 1-0: Called Strike 1-1: Foul Ball, location: 2F 1-2: Foul Ball, location: 2F 1-2: Ball 2-2: Foul Ball, location: 2F 2-2: Strikes out looking
|
| Bottom of the 8th over - 1 run, 1 hit, 0 errors, 0 left on base; Ogden 9 - Bristol 2 |
| TOP OF THE 9TH |
|
Ogden Raptors batting - Pitching for Bristol Pirates : RHP Matt D'Alessandro
|
|
Pitching: LHP Ighlas Kumbuka
|
|
|
Now at 3B: Rafael Galicia
|
|
|
Batting: SHB Alex Noval
|
0-0: Ball 1-0: Ball 2-0: Called Strike 2-1: Called Strike 2-2: Foul Ball, location: 2F 2-2: Foul Ball, location: 2F 2-2: Strikes out swinging
|
|
Batting: SHB Erick Hamburger
|
0-0: SINGLE (Flyball, 6D, EV 89.4 MPH)
|
|
Batting: RHB Juan Gallegos
|
0-0: Swinging Strike 0-1: Ball 1-1: Ball 2-1: Ball 3-1: Base on Balls Erick Hamburger to second
|
|
Batting: LHB Pedro Garza
|
0-0: Ball 1-0: Ball 2-0: Ball 3-0: Base on Balls Erick Hamburger to third Juan Gallegos to second
|
|
Batting: RHB Felipe Rivera
|
0-0: Ball 1-0: Fielders Choice at 2nd, 4-6 (Groundball, 4S, EV 77.5 MPH) Erick Hamburger scores Juan Gallegos to third
|
|
Pitching: RHP Ray Maki
|
|
|
Batting: LHB Fernão Manta
|
0-0: Called Strike 0-1: Ball 1-1: Ball 2-1: Ball 3-1: Base on Balls Felipe Rivera to second
|
|
Batting: RHB Adam Maczko
|
0-0: Called Strike 0-1: Ball 1-1: Reached on error, E6 (Groundball, 6MS, EV 84.4 MPH) Juan Gallegos scores Felipe Rivera to third Fernão Manta to second
|
|
Batting: RHB Brad Brady
|
0-0: Ball 1-0: Called Strike 1-1: Foul Ball, location: 2F 1-2: Strikes out swinging
|
| Top of the 9th over - 2 runs, 1 hit, 1 error, 3 left on base; Ogden 11 - Bristol 2 |
| BOTTOM OF THE 9TH |
|
Bristol Pirates batting - Pitching for Ogden Raptors : RHP Mike Barnhill
|
|
Pinch Hitting: RHB Jon Solis
|
0-0: Called Strike 0-1: Foul Ball, location: 2F 0-2: Ball 1-2: Foul Ball, location: 2F 1-2: Ball 2-2: Foul Ball, location: 2F 2-2: Ball 3-2: Foul Ball, location: 2F 3-2: Fly out, F9 (Line Drive, 9D, EV 88.1 MPH)
|
|
Pinch Hitting: RHB William Lindsey
|
0-0: Ground out 6-3 (Groundball, 6, EV 90.0 MPH)
|
|
Pinch Hitting: RHB Joe Stepnowski
|
0-0: Ball 1-0: Swinging Strike 1-1: Foul Ball, location: 2F 1-2: Strikes out swinging
|
| Bottom of the 9th over - 0 runs, 0 hits, 0 errors, 0 left on base; Ogden 11 - Bristol 2 |
|